 Dungeon Crawl Stone Soup version 0.15-a0 (webtiles) character file.

12884 Duskembrace the Conjurer (level 11, 0/68 HPs)
             Began as a Demonspawn Conjurer on Mar 29, 2014.
             Was a High Priest of Vehumet.
             Slain by an orc knight
             ... wielding a cursed -1,-3 great mace
              (14 damage)
             ... on Level 1 of the Orcish Mines on Mar 30, 2014.
             The game lasted 01:38:37 (14772 turns).

Duskembrace the Conjurer (Demonspawn Conjurer)     Turns: 14772, Time: 01:38:37

HP   0/68        AC 14     Str  9      XL: 11   Next: 58%
MP   0/28        EV 17     Int 19      God: Vehumet [*****.]
Gold 771         SH  0     Dex 14      Spells:  7 memorised,  3 levels left

rFire  + . .     SeeInvis .     q - +4,+3 flail (protect)
rCold  . . .     Clarity  .     a - +0 robe
rNeg   . . .     Conserve .     (no shield)
rPois  .         rCorr    .     z - +0 helmet
rElec  .         rRot     .     I - +0 cloak
SustAb . .       Spirit   +     (no gloves)
rMut   .         Warding  .     A - +1 pair of boots {Stlth+}
Saprov . . .     Stasis   .     (no amulet)
MR     .....                    g - ring of protection from fire
                                f - +3 ring of protection

@: drained, not resistant to hostile enchantments, very stealthy
A: claws 2, repulsion field 1, nightstalker 1, spit poison 1, magic shield
a: Spit Poison, Renounce Religion


You were on level 1 of the Orcish Mines.
You worshipped Vehumet.
Vehumet was extremely pleased with you.
You were near starving.

You visited 4 branches of the dungeon, and saw 14 of its levels.

You collected 771 gold pieces.

Inventory:

Hand weapons
 q - a +4,+3 flail of protection (weapon)
Armour
 a - a +0 robe (worn)
 z - a +0 helmet (worn)
 A - a +1 pair of boots of stealth (worn)
 I - a +0 cloak (worn)
Magical devices
 s - a wand of disintegration (24) {unknown}
 u - a wand of random effects (8)
Comestibles
 b - 6 bread rations
 h - 3 meat rations
 n - 3 rotting chunks of orc flesh
 v - 3 rotting chunks of orc flesh
 C - 12 sultanas
 M - a pear
Scrolls
 e - a scroll of recharging
 i - 7 scrolls of remove curse
 k - a scroll of enchant weapon I
 l - 2 scrolls of fear
 m - a scroll of blinking
 p - 2 scrolls of fog
 t - 3 scrolls of identify
 w - a scroll of enchant weapon II
 y - a scroll of amnesia
 E - 2 scrolls of teleportation
Jewellery
 f - a +3 ring of protection (left claw)
 g - a ring of protection from fire (right claw)
 K - an uncursed ring of ice
Potions
 d - a potion of curing
 j - 2 potions of magic
 r - 3 potions of restore abilities
 x - 2 potions of haste
Books
 c - a book of Conjurations

   Spells                             Type                      Level
   *Magic Dart                        Conjuration                  1
   *Searing Ray                       Conjuration                  2
   *Dazzling Spray                    Conjuration/Hexes            3
   Fulminant Prism                    Conjuration/Hexes            4
   *Iskenderun's Mystic Blast         Conjuration                  4
   *Iskenderun's Battlesphere         Conjuration/Charms           5
 L - a book of Enchantments

   Spells                             Type                      Level
   *Cause Fear                        Hexes                        4
   Silence                            Hexes/Air                    5
   Tukima's Dance                     Hexes                        5
   Deflect Missiles                   Charms/Air                   6
   Haste                              Charms                       6
   Discord                            Hexes                        8


   Skills:
 - Level 6.3(5.8) Dodging
 - Level 2.7(2.3) Stealth
 - Level 9.1(8.6) Spellcasting
 - Level 11.7(11.2) Conjurations
 - Level 6.3(5.8) Hexes
 - Level 4.6(4.1) Charms
 * Level 1.5(1.1) Ice Magic
 * Level 1.7(1.3) Air Magic


You had 3 spell levels left.
You knew the following spells:

 Your Spells              Type           Power        Failure   Level  Hunger
a - Magic Dart            Conj           ####         1%          1    None
b - Searing Ray           Conj           ######       1%          2    None
c - Dazzling Spray        Conj/Hex       #####...     1%          3    None
d - Iskenderun's Battles  Conj/Chrm      #####...     3%          5    ####...
e - Iskenderun's Mystic   Conj           ######..     1%          4    ###....
f - Cause Fear            Hex            ####......   10%         4    ###....
g - Freezing Cloud        Conj/Ice/Air   ####......   75%         6    ######.


Dungeon Overview and Level Annotations

Branches:
Dungeon (10/15)            Temple (1/1) D:5             Orc (2/4) D:10
   Lair (1/8) D:8

Altars:
Ashenzari
Dithmenos
Elyvilon
Fedhas
Kikubaaqudgha
Makhleb
Nemelex Xobeh
Sif Muna
Trog
Vehumet
Xom
Yredelemnul
Zin
The Shining One

Annotations:
D:6 ciphuk's ghost, average MfIE


Innate Abilities, Weirdness & Mutations

You have very sharp fingernails.
You are surrounded by a mild repulsion field (EV +2).
You are slightly more attuned to the shadows.
When hurt, damage is shared between your health and your magic reserves.
You can spit poison.


Message History

Casting: Iskenderun's Mystic Blast
Confirm with . or Enter, or press ? or * to list all spells.
Aiming: Magic Dart
Press: ? - help, Shift-Dir - straight line, f/p - orc knight
Aim: an orc knight, wielding a great mace and wearing a chain mail (almost dead, blind, hasn't noticed you)
The magic dart hits the orc knight.
The orc knight is almost dead.
Casting: Magic Dart
Confirm with . or Enter, or press ? or * to list all spells.
Aiming: Magic Dart
Press: ? - help, Shift-Dir - straight line, f/p - orc knight
Aim: an orc knight, wielding a great mace and wearing a chain mail (almost dead, blind)
The magic dart hits the orc knight.
The orc knight is almost dead.
The orc knight is no longer blind.
You see here a war axe.
Things that are here:
a leather armour; a short sword The orc knight hits you with a great mace!
You die...

##.########..).#.#........##
#...##.##........%.........#
#..........#.............##
##........#.)..(.........##
##.......[#).............## ###
####.....<>.............[#
##.######....)[[.)...........##
#...#)##.....[.o[..[..........#
##............[[@.))..........##
.##........)[...[)........#.###
..##..%....)...#..)....#...####
.#..%>...#..%......)....#...#.##
........#................#.....#
.............)..........)#....##
...............#...#.....[....#
.#......##...........#...#...##
..#.....#.....................#


You could see an orc knight.

Vanquished Creatures
  A centaur warrior (D:10)
  Erolcha (D:8)
  4 hill giants (D:10)
  Joseph (D:9)
  A red wasp (D:9)
  Maurice (D:8)
  A gargoyle (D:9)
  A centaur zombie (D:8)
  A fire drake (D:8)
  A deep elf mage (D:10)
  A hill giant zombie (D:8)
  Eustachio (D:7)
  9 yaks
  A steam dragon (D:8)
  3 wolves
  A necrophage (D:7)
  2 wargs
  5 sky beasts
  9 orc warriors
  7 ogres
  A water moccasin (D:10)
  An ice beast (D:10)
  A yellow wasp (D:10)
  A phantom (D:7)
  A centaur (D:9)
  A gnoll sergeant (D:9)
  4 giant frogs
  2 insubstantial wisps (D:8)
  3 crimson imps
  A goliath beetle (D:7)
  2 iguanas
  A quasit (D:10)
  2 hounds
  5 jellies
  8 orc priests
  17 orc wizards
  6 worker ants
  A hound zombie (D:8)
  A mummy (D:8)
  11 adders
  3 gnolls (D:9)
  A shadow imp (D:9)
  2 worms
  An ufetubus (D:7)
  An adder skeleton (D:8)
  4 giant geckos
  2 oozes
  87 orcs
  3 ball pythons
  A bat skeleton (D:4)
  6 giant cockroaches
  16 hobgoblins
  6 jackals
  16 kobolds
  6 quokkas
  9 bats
  8 giant newts
  12 goblins
  A goblin skeleton (D:4)
  2 orc skeletons (D:5)
  2 orc zombies
  13 rats
  A rat skeleton (D:4)
  A ballistomycete (D:10)
326 creatures vanquished.

Vanquished Creatures (others)
  3 orc wizards
  A killer bee zombie (D:10)
  An orc (D:10)
  A giant spore (D:10)
6 creatures vanquished.

Grand Total: 332 creatures vanquished

Notes
Turn   | Place    | Note
--------------------------------------------------------------
     0 | D:1      | Duskembrace, the Demonspawn Conjurer, began the quest for the Orb.
     0 | D:1      | Reached XP level 1. HP: 13/13 MP: 3/3
   387 | D:1      | Gained mutation: You are surrounded by a mild repulsion field (EV +2). [demonic ancestry]
   387 | D:1      | Reached XP level 2. HP: 19/19 MP: 0/4
   513 | D:1      | Learned a level 2 spell: Searing Ray
  1297 | D:2      | Reached skill level 5 in Conjurations
  1297 | D:2      | Gained mutation: You have sharp fingernails. [demonic ancestry]
  1297 | D:2      | Reached XP level 3. HP: 11/24 MP: 0/6
  1835 | D:2      | Gained mutation: You are slightly more attuned to the shadows. [demonic ancestry]
  1835 | D:2      | Reached XP level 4. HP: 30/30 MP: 2/7
  1840 | D:2      | Learned a level 3 spell: Dazzling Spray
  2634 | D:3      | Found a bloodstained altar of Trog.
  2723 | D:3      | Reached skill level 6 in Conjurations
  3060 | D:3      | Gained mutation: You have very sharp fingernails. [demonic ancestry]
  3060 | D:3      | Reached XP level 5. HP: 35/35 MP: 4/9
  3313 | D:4      | Found an ancient bone altar of Kikubaaqudgha.
  4298 | D:5      | Entered Level 5 of the Dungeon
  4610 | D:5      | Noticed an ogre
  4681 | D:5      | Killed an ogre
  4681 | D:5      | Reached skill level 7 in Conjurations
  4681 | D:5      | Gained mutation: When hurt, damage is shared between your health and your magic reserves. [demonic ancestry]
  4681 | D:5      | Reached XP level 6. HP: 41/41 MP: 4/12
  4851 | D:5      | Found a staircase to the Ecumenical Temple.
  4859 | Temple   | Entered the Ecumenical Temple
  4894 | Temple   | Became a worshipper of Vehumet
  5313 | D:6      | Learned a level 5 spell: Iskenderun's Battlesphere
  5361 | D:6      | Noticed ciphuk's ghost (average MfIE)
  5459 | D:7      | Reached XP level 7. HP: 30/46 MP: 1/17
  5692 | D:7      | Noticed a necrophage
  5699 | D:7      | Killed a necrophage
  5699 | D:7      | Reached skill level 1 in Charms
  5799 | D:7      | Noticed Eustachio
  5851 | D:7      | Killed Eustachio
  5851 | D:7      | Reached skill level 5 in Spellcasting
  5851 | D:7      | Reached skill level 1 in Hexes
  6615 | D:8      | Noticed Maurice
  6735 | D:8      | Killed Maurice
  6735 | D:8      | Reached skill level 8 in Conjurations
  6735 | D:8      | Reached XP level 8. HP: 36/52 MP: 2/22
  6988 | D:8      | Found a staircase to the Lair.
  6989 | D:8      | Noticed a fire drake
  7017 | D:8      | Killed a fire drake
  7017 | D:8      | Acquired Vehumet's first power
  7017 | D:8      | Offered knowledge of Flame Tongue by Vehumet.
  7196 | D:8      | Reached skill level 9 in Conjurations
  7331 | D:8      | Noticed a centaur zombie
  7348 | D:8      | Killed a centaur zombie
  7443 | D:8      | Reached XP level 9. HP: 37/57 MP: 2/23
  7601 | D:8      | Noticed Erolcha
  7613 | D:8      | Killed Erolcha
  7854 | D:8      | Reached skill level 10 in Conjurations
  8119 | Lair:1   | Entered Level 1 of the Lair of Beasts
  8138 | Lair:1   | Gained mutation: You can spit poison. [potion of beneficial mutation]
  8219 | D:8      | HP: 4/85 [wolf (3)]
  8495 | D:8      | Reached skill level 5 in Dodging
  8959 | D:8      | Reached XP level 10. HP: 24/63 MP: 0/25
  9385 | D:9      | Offered knowledge of Sting by Vehumet.
  9391 | D:9      | Learned a level 4 spell: Iskenderun's Mystic Blast
  9396 | D:9      | Noticed Joseph
  9409 | D:9      | Killed Joseph
 10034 | D:9      | Noticed a red wasp
 10044 | D:9      | Killed a red wasp
 10044 | D:9      | Reached skill level 11 in Conjurations
 10050 | D:9      | Gained mutation: Armour fits poorly on your strangely shaped body. [potion of mutation]
 10050 | D:9      | Gained mutation: Your body is slowly deteriorating. [potion of mutation]
 10050 | D:9      | Gained mutation: You are agile. (Dex +2) [potion of mutation]
 10054 | D:9      | Lost mutation: You are agile. (Dex +2) [potion of cure mutation]
 10054 | D:9      | Lost mutation: Your body is slowly deteriorating. [potion of cure mutation]
 10054 | D:9      | Lost mutation: Armour fits poorly on your strangely shaped body. [potion of cure mutation]
 10226 | D:9      | Learned a level 4 spell: Cause Fear
 10654 | D:9      | Offered knowledge of Stone Arrow by Vehumet.
 10876 | D:10     | Entered Level 10 of the Dungeon
 11060 | D:10     | Reached skill level 5 in Hexes
 11132 | D:10     | Acquired Vehumet's second power
 11442 | D:10     | Noticed a hill giant
 11450 | D:10     | Killed a hill giant
 11586 | D:9      | Reached XP level 11. HP: 37/68 MP: 4/28
 11778 | D:10     | Offered knowledge of Inner Flame by Vehumet.
 11822 | D:10     | Noticed a hill giant
 11827 | D:10     | Killed a hill giant
 12164 | D:10     | Noticed a hill giant
 12174 | D:10     | Killed a hill giant
 12471 | D:10     | Noticed a centaur warrior
 12480 | D:10     | Killed a centaur warrior
 12643 | D:10     | Acquired Vehumet's third power
 12645 | D:10     | Noticed a hill giant
 12901 | D:10     | Killed a hill giant
 13058 | D:10     | Found a staircase to the Orcish Mines.
 13073 | D:10     | Offered knowledge of Bolt of Magma by Vehumet.
 13334 | Orc:1    | Entered Level 1 of the Orcish Mines
 13775 | Orc:1    | Found a glowing golden altar of the Shining One.
 13794 | Orc:1    | Offered knowledge of Freezing Cloud by Vehumet.
 13804 | Orc:1    | Learned a level 6 spell: Freezing Cloud
 14071 | Orc:1    | Reached skill level 1 in Air Magic
 14134 | Orc:1    | Reached skill level 1 in Ice Magic
 14662 | Orc:1    | HP: 1/68 [orc knight/great mace (20)]
 14772 | Orc:1    | Slain by an orc knight

Action                   |  1- 3 |  4- 6 |  7- 9 | 10-12 || total
-------------------------+-------+-------+-------+-------++-------
Melee: Unarmed           |    42 |    59 |    42 |    14 ||   157
       Flail             |       |       |       |    22 ||    22
 Cast: Magic Dart        |    62 |   191 |   156 |   388 ||   797
       Searing Ray       |       |     3 |    33 |    30 ||    66
       Dazzling Spray    |       |     3 |    16 |    57 ||    76
       Iskenderun's Batt |       |       |     3 |    34 ||    37
       Iskenderun's Myst |       |       |       |     8 ||     8
       Cause Fear        |       |       |       |    10 ||    10
Evoke: Wand              |       |       |     1 |       ||     1
  Use: Potion            |       |     2 |     4 |     4 ||    10
       Scroll            |       |       |     8 |    10 ||    18
 Stab: Sleeping          |       |     1 |       |       ||     1
       Invisible         |       |       |     1 |     1 ||     2
